 Dungeon Crawl Stone Soup version 0.26.0-3-g156281e41b (webtiles) character file.

Game seed: 11184041790285746895

2973 Drevant2 the Transmogrifier (level 9, -6/64 HPs)
             Began as a Grey Draconian Transmuter on Jan 9, 2021.
             Was an Initiate of Nemelex Xobeh.
             Mangled by an orc warrior
             ... wielding a +2 battleaxe of electrocution
              (16 damage)
             ... on level 7 of the Dungeon.
             The game lasted 00:19:56 (10507 turns).

Drevant2 the Transmogrifier (DrTm)                 Turns: 10507, Time: 00:19:57

Health: -6/64      AC: 13    Str: 13    XL:     9   Next: 53%
Magic:  12/12      EV: 14    Int: 15    God:    Nemelex Xobeh [......]
Gold:   237        SH:  5    Dex: 13    Spells: 2/12 levels left

rFire    . . .     SeeInvis .     - Unarmed
rCold    . . .     Faith    .   (no shield)
rNeg     . . .     Spirit   .   (armour unavailable)
rPois    .         Reflect  +   (helmet restricted)
rElec    .         Harm     .   f - +0 cloak
rCorr    .         Rampage  .   (no gloves)
Will     .....                  (no boots)
Stlth    +.........             r - amulet of reflection
HPRegen  0.20/turn              (no ring)
MPRegen  0.13/turn              (no ring)

@: mighty, flying
A: walk through water, unfitting armour, unbreathing, cold-blooded, AC +12
a: Renounce Religion, Draw Escape, Draw Destruction, Draw Summoning


You were on level 7 of the Dungeon.
You worshipped Nemelex Xobeh.
Nemelex Xobeh was noncommittal.
You visited 1 branch of the dungeon, and saw 7 of its levels.

You collected 237 gold pieces.

Inventory:

Hand Weapons
 q - a +1 spectral club
 t - a +0 flail of draining
Armour
 f - a +0 cloak (worn)
Jewellery
 r - an amulet of reflection (around neck)
Wands
 v - a wand of iceblast (6)
 w - a wand of flame (31)
Scrolls
 a - 3 scrolls of blinking {unknown}
 b - a scroll of immolation {unknown}
 c - 6 scrolls of noise {unknown}
 d - a scroll of identify
 g - 4 scrolls of magic mapping {unknown}
 h - 3 scrolls of remove curse {unknown}
 j - 4 scrolls of enchant armour {unknown}
 k - 5 scrolls of teleportation {unknown}
 l - a scroll of fog {unknown}
 n - 2 scrolls of enchant weapon {unknown}
 s - 2 scrolls of amnesia {unknown}
Potions
 e - 2 potions of flight
 i - a potion of mutation
 m - a potion of brilliance
 o - 2 potions of curing
 p - a potion of magic
 u - a potion of cancellation
 x - 2 potions of attraction


   Skills:
 - Level 1.1 Fighting
 + Level 3.8 Dodging
 + Level 8.1 Unarmed Combat
 - Level 2.0 Spellcasting
 + Level 9.1 Transmutations
 - Level 5.0 Ice Magic


You had 2 spell levels left.
You knew the following spells:

 Your Spells              Type           Power        Failure   Level
a - Beastly Appendage     Tmut           56%          1%          1
b - Ice Form              Ice/Tmut       22%          12%         4
c - Blade Hands           Tmut           14%          14%         5

Your spell library contained the following spells:

 Spells                   Type           Power        Failure   Level
 Wereblood                Tmut           28%          1%          2
 Spider Form              Tmut/Pois      7%           11%         3


Dungeon Overview and Level Annotations

Branches:
Dungeon (7/15)             Temple (0/1) D:4

Altars:
Fedhas
Kikubaaqudgha
Nemelex Xobeh
Ru
Vehumet
Wu Jian
Zin

Shops:
D:5 [


Innate Abilities, Weirdness & Mutations

You can walk through water.
Your dull iron-grey scales are very hard. (AC +12)
You cannot fit into any form of body armour.
You can survive without breathing.
You are cold-blooded and may be slowed by cold attacks.


Message History

You are electrocuted!
The orc priest mumbles some strange prayers to Beogh against you.
Beogh smites you!
The orc throws a boomerang.
The boomerang hits you but does no damage.
The weapon returns to the orc!
The orc throws a boomerang.
The boomerang closely misses you.
The weapon returns to the orc!
The orc priest calls upon Beogh to heal the orc warrior.
The orc warrior is healed somewhat.
The orc priest calls down the wrath of Beogh upon you.
Beogh smites you!
* * * LOW HITPOINT WARNING * * *
You feel very buoyant.
You fly up into the air.
The orc warrior barely misses you.
You feel very mighty all of a sudden.
The orc warrior hits you with a +2 battleaxe of electrocution!
* * * LOW HITPOINT WARNING * * *
You are electrocuted!
You die...
Your body disappears without a glow.

......# #.....# ......#
#.....### ......# #......?
......# #.....# .....##
#.$...# .....# #o....#
...### #o##### ...# #o#
...# #@# ...# #.#
...######## #.#
..........# #.#
.......##.######.#######.
..#))..##.#..............
#.#.....#.#.###...########
#.#####.#.#)).............
........)..).#....########


You could see an orc warrior, an orc priest and an orc.

Vanquished Creatures
  Pikel (D:5)
  Sigmund (D:6)
  Eustachio (D:4)
  Menkaure (D:4)
  The ghost of barott the Shield-Bearer, an amateur GrFi (D:3)
  Edmund (D:5)
  Duvessa (D:6)
  An ice beast (D:7)
  A sky beast (D:6)
  A phantom (D:4)
  2 ogres (D:4)
  A lemure (D:5)
  5 bullfrogs
  A scorpion (D:6)
  Dowan (D:6)
  A howler monkey (D:5)
  3 wights
  A centaur skeleton (D:5)
  4 hounds
  An orc wizard (D:7)
  3 orc priests
  A bullfrog skeleton (D:6)
  A gnoll shaman (D:7)
  2 iguanas
  3 worker ants
  A worker ant zombie (D:5)
  Robin (D:4)
  5 gnolls (D:7)
  7 adders
  A shadow imp (D:6)
  An ooze (D:1)
  An adder skeleton (D:4)
  2 worms (D:3)
  5 dart slugs
  9 leopard geckos
  16 orcs
  A ball python (D:1)
  3 giant cockroaches
  12 goblins
  18 hobgoblins
  14 jackals
  3 quokkas
  7 bats
  7 frilled lizards
  11 kobolds
  A leopard gecko zombie (D:6)
  A quokka zombie (D:5)
  10 rats
177 creatures vanquished.

Notes
Turn   | Place    | Note
-------+----------+-------------------------------------------
     0 | D:1      | Drevant2 the Draconian Transmuter began the quest for the
                  | Orb.
     0 | D:1      | Reached XP level 1. HP: 16/16 MP: 3/3
   293 | D:1      | Reached XP level 2. HP: 21/23 MP: 5/5
   700 | D:1      | Reached XP level 3. HP: 25/28 MP: 6/6
  1614 | D:2      | Reached XP level 4. HP: 23/35 MP: 5/7
  1809 | D:2      | Learned a level 4 spell: Ice Form
  2179 | D:3      | Found a runed translucent door.
  2180 | D:3      | Noticed barott's ghost (amateur GrFi)
  2203 | D:3      | Reached skill level 3 in Transmutations
  2539 | D:3      | Reached skill level 1 in Ice Magic
  2797 | D:3      | Reached XP level 5. HP: 40/40 MP: 8/8
  3174 | D:3      | Reached skill level 5 in Unarmed Combat
  3922 | D:4      | Noticed an ogre
  3934 | D:4      | Killed an ogre
  3935 | D:4      | Reached skill level 4 in Transmutations
  3935 | D:4      | Reached XP level 6. HP: 47/47 MP: 7/9
  4024 | D:4      | Found a staircase to the Ecumenical Temple.
  4095 | D:4      | Reached skill level 5 in Transmutations
  4095 | D:4      | Your scales start taking on a dull iron-grey colour.
  4095 | D:4      | Reached XP level 7. HP: 16/52 MP: 10/10
  4095 | D:4      | Gained mutation: You can survive without breathing. [Grey
                  | Draconian growth]
  4443 | D:4      | Learned a level 5 spell: Blade Hands
  4586 | D:4      | Noticed Robin
  4901 | D:4      | Noticed Menkaure
  4927 | D:4      | Killed Menkaure
  5006 | D:4      | Noticed Eustachio
  5030 | D:4      | Killed Eustachio
  5031 | D:4      | Reached skill level 6 in Transmutations
  5367 | D:4      | Reached XP level 8. HP: 46/59 MP: 11/11
  5470 | D:4      | Found a sacrificial altar of Ru.
  5480 | D:4      | Killed Robin
  5568 | D:4      | Found an ornate altar of the Wu Jian Council.
  5651 | D:4      | Found a radiant altar of Vehumet.
  5920 | D:5      | Entered Level 5 of the Dungeon
  6052 | D:5      | Noticed Edmund
  6071 | D:5      | Killed Edmund
  6727 | D:5      | Noticed Pikel
  6752 | D:5      | Killed Pikel
  6753 | D:5      | Reached skill level 7 in Transmutations
  6982 | D:5      | Reached skill level 5 in Ice Magic
  7081 | D:5      | Reached skill level 8 in Transmutations
  7371 | D:5      | Found Niw Cisu's Armour Shop.
  7616 | D:6      | Found a sparkling altar of Nemelex Xobeh.
  7620 | D:6      | Noticed Duvessa
  7841 | D:6      | Found a glowing silver altar of Zin.
  7841 | D:6      | Found an ancient bone altar of Kikubaaqudgha.
  7847 | D:6      | Found a blossoming altar of Fedhas.
  7904 | D:6      | Noticed Sigmund
  8093 | D:6      | Killed Sigmund
  8094 | D:6      | Reached XP level 9. HP: 62/64 MP: 12/12
  8292 | D:3      | Killed barott's ghost
  8940 | D:6      | Noticed Dowan
  8945 | D:6      | Killed Dowan
  8948 | D:6      | Killed Duvessa
  9694 | D:6      | Became a worshipper of Nemelex Xobeh the Trickster
 10096 | D:7      | Reached skill level 9 in Transmutations
 10507 | D:7      | Mangled by an orc warrior

Illustrated notes

Levels and vault maps discovered:
D:1:      dpeg_arrival_three_bigger_balls, layout_basic
D:2:      layout_basic, minmay_misc_feat_diagonals, dk_noncrumbling_3,
          grunt_ministairs_1
D:3:      layout_basic, ebering_ghost_reflecting_pool
D:4:      layout_basic, gammafunk_temple_overflow_pools, lemuel_crystal_altar,
          minmay_temple_entry_arrows, uniq_eustachio, uniq_menkaure, uniq_robin
D:5:      layout_basic, serial_shops, shop, uniq_pikel, uniq_edmund
D:6:      layout_cave_pools, minitemple, nemelex_xobeh_ov_fountains_minmay,
          uniq_duvessa, uniq_sigmund
D:7:      layout_basic, lemuel_altar_in_water

Skill      XL: |  1  2  3  4  5  6  7  8  9 |
---------------+----------------------------+-----
Unarmed Combat | 4 5 6 7 8 |  8.1
Transmutations | 3 4 5 6 8 9 |  9.1
Ice Magic      | 1 2 5 |  5.0
Dodging        | 2 3 |  3.8
Fighting       | |  1.1
Spellcasting   | |  2.0

Action                   |  1- 3 |  4- 6 |  7- 9 || total
-------------------------+-------+-------+-------++-------
Melee: Unarmed           |   153 |   199 |   354 ||   706
       Headbutt          |     5 |    16 |    55 ||    76
       Tailslap          |    14 |    23 |    43 ||    80
       Kick              |    15 |    19 |    58 ||    92
       Punch             |     1 |     3 |     7 ||    11
 Cast: Beastly Appendage |    14 |    17 |    30 ||    61
  Use: Scroll            |       |     3 |     5 ||     8
       Potion            |       |     3 |     3 ||     6
 Stab: Sleeping          |       |     2 |       ||     2
       Distracted        |       |       |     1 ||     1
Armor: Skin              |    52 |    74 |   141 ||   267
Dodge: Dodged            |   117 |   120 |   234 ||   471
Block: Other             |       |       |    25 ||    25
       Reflection        |       |       |     1 ||     1
